[ AOE2 MATCH · #506343270 ]
UnrankedHuns vs Persians
Player's team · LOSS
Rival team · WIN
[ REPLAY ANALYSIS · EXTRACTED FROM THE RECORDED GAME ]
Feudal
15:39
Castle
26:28
Imperial
—
| APM avg | 23.9 |
| APM peak | 64 |
| eAPM avg | 10.4 |
| Villagers / military | 65 / 70 |
Focus
⚔️ 28.1% · 🌾 71.9%
Scout Cavalry ×48 · Militia ×7 · Monk ×6 · Knight ×3 · Tarkan ×3 · Mangonel ×3
Feudal
23:38
Castle
—
Imperial
—
| APM avg | 27.9 |
| APM peak | 71 |
| eAPM avg | 11.4 |
| Villagers / military | 58 / 0 |
Focus
⚔️ 21.4% · 🌾 78.6%
Match map
Initial resources + every placement click. Lines = walls · curves = elevation contours. ◆ gold · ⬟ stone · ● berries · ✦ relic · ◌ wall gap
Your base· Open — 8t gap
TW_KAKA's base· Open — 9t gap
Smoothed initial terrain · ◌ = detected wall gap · hover for details
Inputs per minute
— Beachboyboss - - TW_KAKA
Build order — Beachboyboss
First 150 of 184 actions detected
| 0:01 | Queue | Villager (Male) |
| 0:01 | Queue | Villager (Male) |
| 0:01 | Queue | Villager (Male) |
| 0:07 | Queue | Villager (Male) |
| 0:07 | Queue | Villager (Male) |
| 1:15 | Queue | Villager (Male) |
| 1:15 | Queue | Villager (Male) |
| 1:43 | Queue | Villager (Male) |
| 1:44 | Queue | Villager (Male) |
| 1:54 | Build | Lumber Camp |
| 2:14 | Queue | Villager (Male) |
| 2:14 | Queue | Villager (Male) |
| 2:41 | Queue | Villager (Male) |
| 2:41 | Queue | Villager (Male) |
| 3:00 | Queue | Villager (Male) |
| 3:00 | Queue | Villager (Male) |
| 3:00 | Queue | Villager (Male) |
| 3:18 | Research | Loom |
| 4:13 | Queue | Villager (Male) |
| 4:13 | Queue | Villager (Male) |
| 4:13 | Queue | Villager (Male) |
| 4:13 | Queue | Villager (Male) |
| 4:27 | Build | Mill |
| 4:33 | Queue | Villager (Male) |
| 4:34 | Queue | Villager (Male) |
| 5:30 | Build | Barracks |
| 5:32 | Queue | Villager (Male) |
| 5:32 | Queue | Villager (Male) |
| 5:42 | Queue | Villager (Male) |
| 5:42 | Queue | Villager (Male) |
| 6:13 | Build | Mining Camp |
| 6:51 | Queue | Villager (Male) |
| 6:51 | Queue | Villager (Male) |
| 7:19 | Build | Mill |
| 7:24 | Queue | Militia |
| 7:24 | Queue | Militia |
| 7:24 | Queue | Militia |
| 7:50 | Queue | Militia |
| 7:50 | Queue | Militia |
| 8:09 | Queue | Villager (Male) |
| 8:10 | Queue | Villager (Male) |
| 8:24 | Queue | Militia |
| 8:24 | Queue | Militia |
| 8:32 | Queue | Villager (Male) |
| 8:32 | Queue | Villager (Male) |
| 8:51 | Build | Mill |
| 9:23 | Queue | Villager (Male) |
| 9:23 | Queue | Villager (Male) |
| 10:21 | Build | Mill |
| 10:30 | Build | Mill |
| 11:10 | Queue | Villager (Male) |
| 12:20 | Build | Town Center |
| 13:26 | Build | Mill |
| 13:29 | Research | Feudal Age |
| 14:00 | Build | Lumber Camp |
| 14:15 | Build | Palisade Wall |
| 15:39 | Age | Feudal Age |
| 15:43 | Queue | Villager (Male) |
| 15:44 | Queue | Villager (Male) |
| 15:49 | Research | Man-at-Arms (upgrade) |
| 16:00 | Build | Stable |
| 16:05 | Build | Market |
| 16:09 | Build | Stable |
| 16:22 | Build | Blacksmith |
| 16:47 | Queue | Villager (Male) |
| 16:47 | Queue | Villager (Male) |
| 16:48 | Queue | Villager (Male) |
| 17:25 | Queue | Villager (Male) |
| 17:25 | Queue | Villager (Male) |
| 17:25 | Queue | Villager (Male) |
| 17:32 | Build | Lumber Camp |
| 17:38 | Queue | Scout Cavalry ×4 |
| 17:38 | Queue | Scout Cavalry ×4 |
| 18:10 | Queue | Villager (Male) |
| 18:10 | Queue | Villager (Male) |
| 18:22 | Build | Lumber Camp |
| 18:44 | Build | Mining Camp |
| 20:01 | Build | Town Center |
| 20:20 | Build | Barracks |
| 20:44 | Queue | Villager (Male) |
| 20:44 | Queue | Villager (Male) |
| 20:44 | Queue | Villager (Male) |
| 21:05 | Research | Forging |
| 21:44 | Build | Mill |
| 21:45 | Build | Farm |
| 21:45 | Build | Farm |
| 21:45 | Build | Farm |
| 21:45 | Build | Farm |
| 21:46 | Build | Farm |
| 21:46 | Build | Farm |
| 21:46 | Build | Farm |
| 21:46 | Build | Farm |
| 21:54 | Queue | Villager (Male) |
| 22:03 | Build | Farm |
| 22:34 | Queue | Villager (Male) |
| 22:35 | Queue | Villager (Male) |
| 22:40 | Build | Market |
| 23:48 | Research | Castle Age |
| 24:41 | Build | Mining Camp |
| 25:26 | Research | Scale Barding Armor |
| 25:30 | Build | Stable |
| 26:28 | Age | Castle Age |
| 26:31 | Build | Siege Workshop |
| 26:37 | Research | Double-Bit Axe |
| 26:42 | Research | Horse Collar |
| 26:47 | Queue | Knight |
| 26:47 | Queue | Knight |
| 26:54 | Research | Town Watch |
| 27:05 | Queue | Mangonel |
| 27:45 | Queue | Mangonel |
| 27:47 | Queue | Villager (Male) |
| 27:47 | Queue | Villager (Male) |
| 27:48 | Queue | Villager (Male) |
| 27:58 | Build | Farm |
| 27:58 | Build | Farm |
| 27:58 | Build | Farm |
| 27:59 | Build | Farm |
| 27:59 | Build | Farm |
| 27:59 | Build | Farm |
| 27:59 | Build | Farm |
| 28:00 | Build | Farm |
| 28:42 | Build | Farm |
| 28:52 | Research | Chain Barding Armor |
| 29:06 | Build | Farm |
| 29:26 | Build | Farm |
| 29:29 | Build | Farm |
| 29:30 | Build | Farm |
| 29:53 | Queue | Villager (Male) |
| 29:54 | Queue | Villager (Male) |
| 29:54 | Queue | Villager (Male) |
| 29:54 | Queue | Villager (Male) |
| 29:58 | Queue | Mangonel |
| 30:03 | Research | Iron Casting |
| 30:18 | Queue | Knight |
| 30:34 | Research | Fletching |
| 32:07 | Research | Wheelbarrow |
| 32:32 | Research | Town Patrol |
| 32:43 | Queue | Scout Cavalry |
| 32:44 | Queue | Scout Cavalry |
| 32:44 | Queue | Scout Cavalry |
| 32:51 | Build | Outpost |
| 32:55 | Build | Monastery |
| 33:10 | Build | Stable |
| 33:17 | Build | Castle |
| 33:23 | Queue | Villager (Male) |
| 33:23 | Queue | Villager (Male) |
| 33:24 | Queue | Villager (Male) |
| 33:24 | Queue | Villager (Male) |
| 33:24 | Queue | Villager (Male) |
| 33:24 | Queue | Villager (Male) |
Build order — TW_KAKA
106 actions detected in the replay
| 0:02 | Build | House |
| 0:06 | Build | House |
| 0:07 | Queue | Villager (Male) |
| 0:07 | Queue | Villager (Male) |
| 0:07 | Queue | Villager (Male) |
| 0:08 | Queue | Villager (Male) |
| 0:08 | Queue | Villager (Male) |
| 1:28 | Queue | Villager (Male) |
| 1:28 | Queue | Villager (Male) |
| 1:51 | Build | Lumber Camp |
| 1:53 | Queue | Villager (Male) |
| 1:53 | Queue | Villager (Male) |
| 3:05 | Queue | Villager (Male) |
| 3:05 | Queue | Villager (Male) |
| 4:10 | Queue | Villager (Male) |
| 4:11 | Queue | Villager (Male) |
| 4:36 | Queue | Villager (Male) |
| 4:37 | Queue | Villager (Male) |
| 4:37 | Queue | Villager (Male) |
| 4:49 | Queue | Villager (Male) |
| 4:49 | Queue | Villager (Male) |
| 4:57 | Build | House |
| 5:00 | Build | House |
| 5:08 | Research | Loom |
| 5:22 | Queue | Villager (Male) |
| 5:23 | Queue | Villager (Male) |
| 5:23 | Queue | Villager (Male) |
| 5:39 | Queue | Villager (Male) |
| 5:39 | Queue | Villager (Male) |
| 5:52 | Queue | Villager (Male) |
| 5:52 | Queue | Villager (Male) |
| 6:57 | Queue | Villager (Male) |
| 6:57 | Queue | Villager (Male) |
| 8:30 | Build | Town Center |
| 8:45 | Build | Town Center |
| 8:56 | Build | Town Center |
| 10:55 | Build | Palisade Wall |
| 10:57 | Build | Palisade Wall |
| 10:59 | Build | Palisade Wall |
| 11:07 | Build | Palisade Wall |
| 12:02 | Build | Mill |
| 12:38 | Queue | Villager (Male) |
| 12:39 | Queue | Villager (Male) |
| 12:46 | Build | House |
| 13:09 | Queue | Villager (Male) |
| 13:10 | Queue | Villager (Male) |
| 13:15 | Build | House |
| 13:17 | Build | House |
| 13:29 | Queue | Villager (Male) |
| 13:30 | Queue | Villager (Male) |
| 14:39 | Queue | Villager (Male) |
| 14:40 | Queue | Villager (Male) |
| 14:51 | Queue | Villager (Male) |
| 16:06 | Build | Town Center |
| 16:19 | Build | Town Center |
| 18:14 | Queue | Villager (Male) |
| 18:14 | Queue | Villager (Male) |
| 18:36 | Queue | Villager (Male) |
| 18:49 | Queue | Villager (Male) |
| 19:20 | Queue | Villager (Male) |
| 19:36 | Queue | Villager (Male) |
| 19:38 | Queue | Villager (Male) |
| 20:23 | Build | Lumber Camp |
| 20:32 | Queue | Villager (Male) |
| 20:32 | Queue | Villager (Male) |
| 20:58 | Queue | Villager (Male) |
| 21:27 | Queue | Villager (Male) |
| 21:28 | Queue | Villager (Male) |
| 21:34 | Research | Feudal Age |
| 21:52 | Queue | Villager (Male) |
| 22:24 | Queue | Villager (Male) |
| 22:34 | Build | House |
| 22:36 | Build | House |
| 22:57 | Build | House |
| 23:38 | Age | Feudal Age |
| 24:11 | Queue | Villager (Male) |
| 24:11 | Queue | Villager (Male) |
| 24:12 | Queue | Villager (Male) |
| 24:39 | Queue | Villager (Male) |
| 25:31 | Build | Lumber Camp |
| 25:32 | Queue | Villager (Male) |
| 25:32 | Queue | Villager (Male) |
| 25:33 | Queue | Villager (Male) |
| 25:55 | Build | Palisade Wall |
| 26:33 | Build | Farm |
| 26:34 | Build | Farm |
| 27:08 | Build | Market |
| 27:52 | Build | Blacksmith |
| 29:05 | Build | House |
| 29:07 | Build | House |
| 29:09 | Build | House |
| 29:13 | Build | House |
| 30:17 | Build | Lumber Camp |
| 30:39 | Queue | Villager (Male) |
| 32:41 | Build | Mining Camp |
| 32:50 | Build | Mining Camp |
| 33:14 | Build | Lumber Camp |
| 33:27 | Build | Mill |
| 34:19 | Build | Lumber Camp |
| 36:57 | Build | Stone Wall |
| 37:02 | Build | Stone Wall |
| 37:12 | Build | Stone Wall |
| 37:17 | Build | Stone Wall |
| 38:34 | Build | Stone Wall |
| 38:37 | Build | Stone Wall |
| 42:11 | Build | Town Center |
Match timeline
| 5:30 | Beachboyboss · first_building Barracks |
| 10:55 | TW_KAKA · wall_segment Palisade Wall x1 |
| 10:57 | TW_KAKA · wall_segment Palisade Wall x1 |
| 10:59 | TW_KAKA · wall_segment Palisade Wall x1 |
| 11:07 | TW_KAKA · wall_segment Palisade Wall x1 |
| 14:15 | Beachboyboss · wall_segment Palisade Wall x1 |
| 15:39 | Beachboyboss · age_up feudal |
| 16:00 | Beachboyboss · first_building Stable |
| 23:36 | Beachboyboss · first_market_sell 100 wood |
| 23:38 | Beachboyboss · first_market_buy 100 food |
| 23:38 | TW_KAKA · age_up feudal |
| 25:55 | TW_KAKA · wall_segment Palisade Wall x1 |
| 26:28 | Beachboyboss · age_up castle |
| 26:31 | Beachboyboss · first_building Siege Workshop |
| 30:31 | TW_KAKA · first_market_buy 100 food |
| 32:55 | Beachboyboss · first_building Monastery |
| 33:17 | Beachboyboss · first_building Castle |
| 36:57 | TW_KAKA · wall_segment Stone Wall x1 |
| 37:02 | TW_KAKA · wall_segment Stone Wall x1 |
| 37:12 | TW_KAKA · wall_segment Stone Wall x1 |
| 37:17 | TW_KAKA · wall_segment Stone Wall x1 |
| 38:34 | TW_KAKA · wall_segment Stone Wall x1 |
| 38:37 | TW_KAKA · wall_segment Stone Wall x1 |
[ AI ANALYSIS · 1 CREDIT ]
What really happened in this match?
Wolo.gg analyzes every decision: build order, eco, micro, common mistakes by bracket. Personalized analysis on WhatsApp or Discord in 30 seconds.
Civ guide
Huns
Perfil
Jugador #9535517